 Dungeon Crawl Stone Soup version 0.31.0-4-g52a2dc7128 (webtiles) character file.

Game seed: 13139213025558970534

1484 ces the Skirmisher (level 8, -1/39 HPs)
             Began as a Spriggan Hunter on Jan 21, 2024.
             Was an Initiate of Gozag.
             Succumbed to a kobold brigand's poison
             ... on level 6 of the Dungeon.
             The game lasted 00:21:15 (5276 turns).

ces the Skirmisher (Spriggan Hunter)                Turns: 5276, Time: 00:21:16

Health: -1/39      AC:  3    Str:  7    XL:     8   Next: 50%
Magic:  9/9        EV: 19    Int: 10    God:    Gozag
Gold:   406        SH:  0    Dex: 21    Spells: 6/7 levels left

rFire   . . .        a - +2 shortbow
rCold   . . .        (shield currently unavailable)
rNeg    . . .        c - +1 robe
rPois   .            (helmet restricted)
rElec   .            (no cloak)
rCorr   .            (gloves unavailable)
SInv    +            (boots unavailable)
Will    +....        (no amulet)
Stlth   ++++         (no ring)
HPRegen 0.26/turn    (no ring)
MPRegen 0.11/turn

%: no passive effects
@: lethally poisoned (-1 -> -13), gold aura, slowed, quick
A: very small, no large weapons, unfitting armour, see invisible, speed 3,
antennae 2
a: Renounce Religion, Potion Petition, Call Merchant, Bribe Branch


You were on level 6 of the Dungeon.
You worshipped Gozag.
Gozag was aware of your devotion.
You visited 2 branches of the dungeon, and saw 7 of its levels.

You collected 489 gold pieces.
You paid 83 gold pieces to Gozag.

Inventory:

Hand Weapons
 a - a +2 shortbow (weapon)
Armour
 c - a +1 robe (worn)
Jewellery
 d - a +6 ring of dexterity
 f - a +6 ring of intelligence
 j - a ring of poison resistance
 l - a ring of fire
Wands
 r - a wand of flame (8)
 t - a wand of charming (3)
Scrolls
 b - 3 scrolls of butterflies
 i - a scroll of fog
 n - a scroll of teleportation
 o - a scroll of vulnerability
 p - 3 scrolls of immolation
 q - a scroll of identify
 s - 2 scrolls of revelation {unknown}
Potions
 e - 2 potions of brilliance
 g - 2 potions of attraction
 h - a potion of might
 m - 2 potions of enlightenment


   Skills:
 - Level 2.2 Fighting
 * Level 10.4 Ranged Weapons
 - Level 3.6 Dodging
 + Level 5.9 Stealth


You had 6 spell levels left.
You knew the following spells:

 Your Spells              Type           Power      Damage    Failure   Level
a - Foxfire               Conj/Fire      0%         2x1d4     36%         1

Your spell library contained the following spells:

 Spells                   Type           Power      Damage    Failure   Level
 Cigotuvi's Dreadful Rot  Necr/Alch/Air  0%         N/A       50%         2
 Stone Arrow              Conj/Erth      0%         3d7       75%         3
 Animate Armour           Summ/Erth      0%         N/A       98%         4
 Ignite Poison            Fire/Alch      0%         N/A       98%         4
 Freezing Cloud           Conj/Ice/Air   0%         6-21      100%        5
 Plasma Beam              Fire/Air       0%         2x1d10    100%        6
 Starburst                Conj/Fire      0%         6d3       100%        6
 Lehudib's Crystal Spear  Conj/Erth      0%         10d2      100%        8


Dungeon Overview and Level Annotations

Branches:
Dungeon (6/15)             Temple (1/1) D:4

Altars:
Ashenzari
Cheibriados
Elyvilon
Fedhas
Gozag
Hepliaklqana
Kikubaaqudgha
Makhleb
Nemelex Xobeh
Okawaru
Qazlal
Ru
Sif Muna
Trog
Uskayaw
Vehumet
Wu Jian
Xom
Zin
The Shining One

Annotations:
D:3 Grinder


Innate Abilities, Weirdness & Mutations

You are very small and have problems with some larger weapons.
You are too small for most types of armour.
You have supernaturally acute eyesight. (SInv)
You cover ground extremely quickly. (Speed+++)
You have a pair of antennae on your head.


Message History

Your kobold brigand hits the kobold brigand with a +0 dagger.
The kobold brigand throws a curare-tipped dart.
The curare-tipped dart hits you.
You are more poisoned.
You have difficulty breathing.
You feel as though you will be slow longer.
The kobold brigand throws a poisoned dart.
The poisoned dart completely misses you.
What are your orders? t - Shout!
Orders for allies: a - Attack new target. p - Attack previous target. r - Retreat! s - Stop attacking. g - Guard the area. f - Follow me.
Anything else - Cancel.
Gang up on whom?
Press: ? - help, Dir - move target, f - kobold brigand, p - kobold brigand
Aim: a kobold brigand, wielding a +1 dagger of speed and quivering curare-tipped darts (lightly wounded) Attack!
* * * LOW HITPOINT WARNING * * *
You feel very sick.
The kobold is distracted by your dazzling golden aura.
The kobold brigand throws a curare-tipped dart.
The curare-tipped dart misses you.
Your kobold brigand barely misses the kobold brigand.
The kobold brigand throws a poisoned dart.
The poisoned dart hits you.
You are more poisoned.
It was a potion of magic.
Magic courses through your body.
* * * LOW HITPOINT WARNING * * *
You feel very sick.
The kobold is no longer distracted by gold.
Your kobold brigand hits the kobold brigand with a +0 dagger.
Your kobold brigand throws a poisoned dart.
The poisoned dart hits the kobold brigand!
The kobold brigand is poisoned.
Okay, then.
As you read the scroll of immolation, it crumbles to dust.
The creatures around you are filled with an inner flame!
You die...
Your body crumbles into a pile of gold.

....###
####......#
....# #......#
##### #......#
#......# { ###
#......# .!..
###......#
.....##.#......#
.....K'.#......#
[..$..KK@.####.#
....$K'.#.# .#
.....##.#.# #
.... ###.# ###
#.# #.# #.. ##.


You could see 2 kobold brigands, a kobold (inner flame) and a friendly kobold
brigand (charmed, inner flame).

Vanquished Creatures
  Edmund (D:6)
  An ice beast (D:5)
  An orc warrior (D:6)
  2 black bears (D:5)
  An ogre (D:2)
  A phantom (D:6)
  Blork the orc (D:6)
  A kobold brigand (D:6)
  2 scorpions (D:4)
  5 hounds
  A bombardier beetle (D:5)
  3 jellies
  4 iguanas
  Terence (D:3)
  An orc wizard (D:4)
  3 gnolls (D:3)
  4 adders
  2 white imps
  2 ufetubi (D:6)
  A ribbon worm (D:4)
  2 dart slugs
  9 orcs
  5 ball pythons
  6 bats
  9 endoplasms
  2 giant cockroaches
  7 goblins
  2 hobgoblins (D:1)
  3 kobolds
  A quokka (D:5)
  2 rats (D:3)
86 creatures vanquished.

Vanquished Creatures (others)
  A kobold brigand (D:6)
1 creature vanquished.

Grand Total: 87 creatures vanquished

Notes
Turn   | Place    | Note
-------+----------+-------------------------------------------
     0 | D:1      | ces the Spriggan Hunter began the quest for the Orb.
     0 | D:1      | Reached XP level 1. HP: 10/10 MP: 2/2
   103 | D:1      | Reached XP level 2. HP: 14/14 MP: 3/3
   454 | D:2      | Reached skill level 5 in Ranged Weapons
   482 | D:2      | Reached XP level 3. HP: 13/18 MP: 4/4
   633 | D:2      | Noticed an ogre
   723 | D:2      | Killed an ogre
   724 | D:2      | Reached skill level 6 in Ranged Weapons
   724 | D:2      | Reached XP level 4. HP: 22/22 MP: 5/5
  1029 | D:2      | Reached XP level 5. HP: 25/25 MP: 6/6
  1294 | D:3      | Noticed Terence
  1309 | D:3      | Killed Terence
  1401 | D:3      | Noticed Grinder
  1616 | D:4      | Found a staircase to the Ecumenical Temple.
  1639 | D:5      | Entered Level 5 of the Dungeon
  1871 | D:5      | Noticed a black bear
  1925 | D:4      | Gained mutation: You have a pair of small antennae on your
                  | head. [potion of mutation]
  1925 | D:4      | Gained mutation: You have a pair of antennae on your head.
                  | [potion of mutation]
  1942 | D:5      | Noticed an ice beast
  2014 | D:6      | Reached skill level 7 in Ranged Weapons
  2039 | D:6      | Learned a level 1 spell: Foxfire
  2157 | D:5      | Noticed a black bear
  2212 | D:6      | Noticed an orc warrior
  2258 | D:4      | Reached XP level 6. HP: 27/30 MP: 7/7
  2578 | Temple   | Entered the Ecumenical Temple
  2739 | Temple   | Became a worshipper of Gozag Ym Sagoz the Greedy
  2837 | D:3      | Reached skill level 8 in Ranged Weapons
  3337 | D:4      | Reached XP level 7. HP: 31/33 MP: 8/8
  3998 | D:5      | Reached skill level 9 in Ranged Weapons
  4738 | D:6      | Reached XP level 8. HP: 39/39 MP: 9/9
  4975 | D:6      | Noticed Edmund
  5095 | D:6      | Killed Edmund
  5096 | D:6      | Reached skill level 10 in Ranged Weapons
  5109 | D:6      | Noticed Blork the orc
  5114 | D:6      | Killed Blork the orc
  5115 | D:6      | Reached skill level 5 in Stealth
  5276 | D:6      | Succumbed to a kobold brigand's poison

Illustrated notes

Levels and vault maps discovered:
D:1:      lemuel_arrival_lava_pool, layout_rooms
D:2:      layout_loops_ring, eino_tiny_chamber
D:3:      layout_rooms, bh_walls_and_bars, uniq_terence, uniq_grinder
D:4:      layout_gridville, minmay_temple_entry_waves
D:5:      layout_basic, serial_library_hellmonk_reading_circle
D:6:      cheibrodos_fertilizer, layout_basic, serial_aquarium,
          aquarium_bridge_long_separate [aquarium_subvault_bridge,
          aquarium_subvault_wall, aquarium_subvault_wall,
          aquarium_subvault_bridge, aquarium_subvault_window,
          aquarium_subvault_window], aquarium_window_1, aquarium_window_3,
          aquarium_window_fake, aquarium_view_2e, aquarium_view_2e,
          aquarium_balcony_1b, aquarium_pool_split, uniq_blork_the_orc,
          uniq_edmund
Temple:   mainiacjoe_temple_cubbyholes

Skill      XL: |  1  2  3  4  5  6  7  8 |
---------------+-------------------------+-----
Ranged Weapons | 5 6 7 8 9 10 | 10.4
Dodging        | 3 |  3.6
Fighting       | 2 |  2.2
Stealth        | 4 5 |  5.9

Action                     |  1- 3 |  4- 6 |  7- 9 || total
---------------------------+-------+-------+-------++-------
  Melee: Shortbow          |       |     2 |       ||     2
   Fire: Shortbow          |    85 |   166 |   165 ||   416
  Evoke: Wand              |       |     2 |    21 ||    23
    Use: Scroll            |       |     9 |     5 ||    14
         Potion            |       |     4 |     3 ||     7
 Armour: Robe              |     8 |    44 |    11 ||    63
  Dodge: Dodged            |    16 |   129 |    26 ||   171
